 Dungeon Crawl Stone Soup version 0.31-a0-188-g5e087ee2ca (webtiles) character file.

Game seed: 14451015829863595540

6059 mopl the Cleaver (level 11, -9/81 HPs)
             Began as a Formicid Warper on June 23, 2023.
             Was an Elder of Cheibriados.
             Mangled by a gnoll sergeant
             ... wielding a +0 trident
              (14 damage)
             ... on level 9 of the Dungeon.
             The game lasted 00:09:37 (6647 turns).

mopl the Cleaver (Formicid Warper)                  Turns: 6647, Time: 00:09:38

Health: -9/81      AC: 12    Str: 24    XL:     11   Next: 11%
Magic:  17/17      EV: 13    Int: 30    God:    Cheibriados [****..]
Gold:   498        SH:  6    Dex: 22    Spells: 5/18 levels left

rFire   . . .        B - +0 trident (venom)
rCold   + + .        L - +0 buckler
rNeg    . . .        O - +0 scale mail of Fonnom {rElec rC++ Slay+2}
rPois   +            (helmet unavailable)
rElec   +            q - +0 cloak
rCorr   .            r - +1 pair of gloves of Zirouth {rElec Int+3}
SInv    +            u - +0 pair of boots
Will    ++...        f - amulet of regeneration Stlth
                     g - ring of willpower
HPRegen 1.13/turn    M - ring of poison resistance
MPRegen 0.15/turn

%: no passive effects
@: very slow
A: permanent stasis, dig shafts and tunnels, antennae 3, four strong arms
a: Dig, Shaft Self, Renounce Religion, Bend Time, Temporal Distortion, Slouch


You were on level 9 of the Dungeon.
You worshipped Cheibriados.
Cheibriados was greatly pleased with you.
You visited 2 branches of the dungeon, and saw 11 of its levels.

You collected 498 gold pieces.

Inventory:

Hand Weapons
 a - a +0 war axe
 b - a +0 flail of draining
 i - a +2 short sword of venom
 v - a +0 battleaxe
 B - a +0 trident of venom (weapon)
 U - a +2 dire flail of draining
Missiles
 d - 7 boomerangs of dispersal
 h - 7 poisoned darts
 E - a boomerang (quivered)
 Q - a curare-tipped dart
Armour
 q - a +0 cloak (worn)
 r - the +1 pair of gloves of Zirouth (worn) {rElec Int+3}
   (You found it on level 3 of the Dungeon)

   Int:       It affects your intelligence (+3).
   rElec:     It insulates you from electricity.
 u - a +0 pair of boots (worn)
 L - a +0 buckler (worn)
 O - the +0 scale mail of Fonnom (worn) {rElec rC++ Slay+2}
   (You found it on level 6 of the Dungeon)

   Slay:      It affects your accuracy & damage with ranged weapons and melee
   (+2).
   rC:        It greatly protects you from cold.
   rElec:     It insulates you from electricity.
 T - +0 acid dragon scales
Jewellery
 f - an amulet of regeneration (around neck)
 g - a ring of willpower (left hand)
 n - an amulet of magic regeneration
 K - an amulet of guardian spirit
 M - a ring of poison resistance (right hand)
 R - a ring of magical power
Wands
 s - a wand of flame (36)
 F - a wand of mindburst (34)
 I - a wand of iceblast (5)
 P - a wand of digging (5)
Scrolls
 c - a scroll of blinking
 e - a scroll of noise {unknown}
 j - a scroll of enchant weapon {unknown}
 m - 2 scrolls of revelation {unknown}
 t - 7 scrolls of teleportation {unknown}
 y - 3 scrolls of amnesia {unknown}
 z - a scroll of vulnerability {unknown}
 A - 2 scrolls of fog {unknown}
 C - a scroll of silence {unknown}
 H - 7 scrolls of identify {unknown}
 N - a scroll of acquirement {unknown}
Potions
 k - 4 potions of might {unknown}
 l - a potion of attraction {unknown}
 o - 10 potions of curing {unknown}
 p - 2 potions of heal wounds
 w - 2 potions of enlightenment {unknown}
 x - a potion of haste {unknown}
 D - a potion of ambrosia {unknown}
 G - a potion of degeneration {unknown}
 J - 3 potions of lignification {unknown}
 S - a potion of berserk rage {unknown}
 V - a potion of mutation {unknown}


   Skills:
 + Level 6.2 Fighting
 * Level 9.3 Axes
 - Level 1.0 Throwing
 + Level 5.9 Armour
 + Level 5.1 Dodging
 + Level 5.6 Shields
 - Level 4.0 Spellcasting
 + Level 6.3 Translocations
 + Level 5.0 Invocations


You had 5 spell levels left.
You knew the following spells:

 Your Spells              Type           Power      Damage    Failure   Level
a - Manifold Assault      Tloc           43%        N/A       13%         4
b - Lesser Beckoning      Tloc           86%        N/A       1%          2
c - Iskenderun's Mystic   Conj/Tloc      24%        2d7       43%         4
t - Teleport Other        Tloc           43%        N/A       4%          3

Your spell library contained the following spells:

 Spells                   Type           Power      Damage    Failure   Level
 Volatile Blastmotes      Fire/Tloc      48%        2d14      14%         3
 Dazzling Flash           Conj/Hex       12%        N/A       45%         3
 Summon Guardian Golem    Hex/Summ       6%         N/A       45%         3
 Arcjolt                  Conj/Air       3%         1d13      99%         5
 Plasma Beam              Fire/Air       3%         2x1d13    100%        6
 Starburst                Conj/Fire      3%         6d3       100%        6
 Orb of Destruction       Conj           3%         9d5       100%        7
 Spellforged Servitor     Conj/Summ      3%         N/A       100%        7
 Blink                    Tloc           Unusable   N/A       N/A         2
 Vhi's Electric Charge    Tloc/Air       Unusable   N/A       N/A         3

Dungeon Overview and Level Annotations

Branches:
Dungeon (10/15)            Temple (1/1) D:5            Lair (0/5) D:8
    Orc: D:9-12

Altars:
Ashenzari
Cheibriados
Dithmenos
Elyvilon
Fedhas
Gozag
Hepliaklqana
Kikubaaqudgha
Makhleb
Nemelex Xobeh
Okawaru
Qazlal
Ru
Sif Muna
Trog
Uskayaw
Vehumet
Wu Jian
Xom
Yredelemnul
Zin
The Shining One

Annotations:
D:8 2 runed translucent doors
D:9 Maurice


Innate Abilities, Weirdness & Mutations

You cannot be hasted, slowed, berserked, paralysed or teleported.
You can dig through walls and to a lower floor.
You have a pair of large antennae on your head. (SInv)
Your four strong arms can wield two-handed weapons with a shield.


Message History

You are too injured to fight recklessly!
You are too injured to fight recklessly!
You are too injured to fight recklessly!
You are too injured to fight recklessly!
You are too injured to fight recklessly!
You are too injured to fight recklessly!
You puncture the yak!
The yak is almost dead.
You block the gnoll sergeant's attack. The yak barely misses you.
You hit the yak.
You kill the yak!
Cheibriados thoroughly appreciates the change of pace.
You block the gnoll sergeant's attack.
Your Invocations skill increases to level 5!
You closely miss the yak. The yak gores you but does no damage.
The gnoll hits you from afar with a +0 spear!
The gnoll sergeant closely misses you.
You puncture the yak!
The yak is moderately wounded.
The gnoll hits you but does no damage.
The gnoll sergeant hits you from afar with a +0 trident.
The yak gores you but does no damage.
You barely miss the yak.
The yak is moderately wounded.
The yak gores you!
* * * LOW HITPOINT WARNING * * *
The gnoll sergeant misses you. The gnoll hits you but does no damage.
The yak attacks as you move away! The yak gores you!
* * * LOW HITPOINT WARNING * * *
You block the yak's attack. The yak attacks as you move away!
You block the yak's attack. The yak gores you.
* * * LOW HITPOINT WARNING * * *
The gnoll sergeant hits you from afar with a +0 trident!
* * * LOW HITPOINT WARNING * * *
The yak misses you.
Are you sure you want to shaft yourself?
You block the yak's attack.
The gnoll sergeant hits you from afar with a +0 trident!
You die...

#.## #........ #.# #..>..... ##.#
###...... #..# ##..... #.##
###.>. #.# ### ###. ##.# ##.###
## #..# ###....###
#@####...)....## #Y#
#..........### ####
##g###............# ....##
#.Y##.............# .....##
#.##..............# ......##
##Y##..............# ..)....#
###gg{..............## .......#
###...................#
.......###...#................###


You could see 3 yaks, a gnoll sergeant and 2 gnolls.

Vanquished Creatures
  Maggie (D:8)
  A shadow (D:9)
  Sigmund (D:3)
  11 yaks
  A wyvern (D:9)
  A steam dragon (D:6)
  2 wargs (D:8)
  An acid dragon (D:9)
  Edmund (D:4)
  A water moccasin (D:6)
  2 orc warriors
  2 sky beasts
  A black bear (D:6)
  An ice beast (D:5)
  2 ogres
  A centaur (D:9)
  2 phantoms
  2 kobold brigands
  3 bullfrogs
  3 scorpions
  A gnoll sergeant (D:6)
  4 wights (D:8)
  6 killer bees (D:9)
  An electric eel (D:8)
  A howler monkey (D:6)
  4 hounds
  8 orc priests
  3 jellies (D:6)
  9 orc wizards
  A statue (D:3)
  7 adders
  10 gnolls
  An ufetubus (D:6)
  3 worms
  2 dart slugs
  38 orcs
  10 endoplasms
  6 giant cockroaches
  2 goblins
  6 hobgoblins
  9 jackals
  20 kobolds
  7 quokkas
  9 ball pythons
  7 bats
  3 frilled lizards
  5 rats
223 creatures vanquished.

Notes
Turn   | Place    | Note
-------+----------+-------------------------------------------
     0 | D:1      | mopl the Formicid Warper began the quest for the Orb.
     0 | D:1      | Reached XP level 1. HP: 16/16 MP: 3/3
    93 | D:1      | Reached XP level 2. HP: 20/22 MP: 5/5
   101 | D:1      | Learned a level 2 spell: Lesser Beckoning
   341 | D:1      | Reached XP level 3. HP: 25/27 MP: 6/6
   535 | D:1      | Reached skill level 3 in Translocations
   735 | D:1      | Reached skill level 3 in Axes
   768 | D:1      | Learned a level 3 spell: Teleport Other
   935 | D:2      | Reached XP level 4. HP: 33/33 MP: 8/8
  1430 | D:3      | Identified the +1 pair of gloves of Zirouth {rElec Int+3}
  1622 | D:3      | Noticed Sigmund
  1640 | D:3      | Killed Sigmund
  1641 | D:3      | Reached skill level 4 in Axes
  1641 | D:3      | Reached skill level 3 in Spellcasting
  1641 | D:3      | Reached XP level 5. HP: 27/38 MP: 8/10
  1641 | D:3      | Reached XP level 6. HP: 32/44 MP: 8/11
  1785 | D:3      | Found a radiant altar of Vehumet.
  2090 | D:3      | Learned a level 4 spell: Manifold Assault
  2163 | D:3      | Reached skill level 5 in Axes
  2163 | D:3      | Reached skill level 4 in Translocations
  2209 | D:4      | Noticed an ogre
  2220 | D:4      | Killed an ogre
  2221 | D:4      | Reached skill level 4 in Spellcasting
  2221 | D:4      | Reached XP level 7. HP: 27/50 MP: 11/13
  2649 | D:4      | Noticed Edmund
  2673 | D:4      | Killed Edmund
  2674 | D:4      | Reached skill level 2 in Dodging
  2782 | D:5      | Entered Level 5 of the Dungeon
  2848 | D:5      | Reached skill level 2 in Armour
  2848 | D:5      | Reached XP level 8. HP: 32/57 MP: 14/14
  2970 | D:5      | Reached skill level 3 in Fighting
  2970 | D:5      | Reached skill level 6 in Axes
  3097 | D:5      | Found a basalt altar of Yredelemnul.
  3283 | D:5      | Found a staircase to the Ecumenical Temple.
  3436 | Temple   | Entered the Ecumenical Temple
  3788 | D:6      | Found a snail-covered altar of Cheibriados.
  3856 | D:6      | Reached skill level 3 in Armour
  3856 | D:6      | Reached skill level 3 in Dodging
  3889 | D:6      | Became a worshipper of Cheibriados the Contemplative
  3903 | D:6      | Reached skill level 1 in Shields
  3954 | D:6      | Reached XP level 9. HP: 47/65 MP: 15/15
  3960 | D:6      | Reached skill level 1 in Invocations
  3985 | D:6      | Reached skill level 4 in Fighting
  3985 | D:6      | Reached skill level 7 in Axes
  3985 | D:6      | Reached skill level 2 in Shields
  3985 | D:6      | Reached skill level 5 in Translocations
  4044 | D:6      | Found a bloodstained altar of Trog.
  4076 | D:6      | Reached * piety under Cheibriados
  4090 | D:6      | Found a sparkling altar of Nemelex Xobeh.
  4207 | D:6      | Reached skill level 2 in Invocations
  4214 | D:6      | Identified the +0 scale mail of Fonnom {rElec rC++ Slay+2}
  4246 | D:6      | Reached skill level 4 in Armour
  4371 | D:6      | Found an ornate altar of the Wu Jian Council.
  4372 | D:6      | Found an iron altar of Okawaru.
  4553 | D:7      | Reached skill level 3 in Shields
  4651 | D:7      | Reached ** piety under Cheibriados
  4674 | D:7      | Found a glowing golden altar of the Shining One.
  5066 | D:8      | Found a hazy altar of Hepliaklqana.
  5192 | D:8      | Reached skill level 4 in Dodging
  5192 | D:8      | Reached skill level 3 in Invocations
  5202 | D:8      | Found an ancient bone altar of Kikubaaqudgha.
  5228 | D:8      | Found a large runed translucent door.
  5228 | D:8      | Found a large runed translucent door.
  5228 | D:8      | Noticed a brown ugly thing
  5231 | D:8      | Noticed a purple ugly thing
  5435 | D:8      | Reached skill level 5 in Fighting
  5435 | D:8      | Reached skill level 8 in Axes
  5435 | D:8      | Reached XP level 10. HP: 41/74 MP: 16/16
  5484 | D:8      | Learned a level 4 spell: Iskenderun's Mystic Blast
  5513 | D:8      | Found a staircase to the Lair.
  5587 | D:8      | Found a sacrificial altar of Ru.
  5592 | D:8      | Noticed Maggie
  5601 | D:8      | Killed Maggie
  5602 | D:8      | Reached skill level 4 in Shields
  5639 | D:8      | Reached *** piety under Cheibriados
  5816 | D:8      | Reached skill level 5 in Armour
  5884 | D:8      | Identified the +0 robe of the Gravedigger {Int+2 SInv}
  5884 | D:8      | Noticed a kobold demonologist
  6118 | D:8      | Found a shimmering altar of Xom.
  6118 | D:8      | Noticed a kobold demonologist
  6277 | D:9      | Reached skill level 4 in Invocations
  6443 | D:9      | Reached skill level 6 in Translocations
  6461 | D:9      | Noticed Maurice
  6462 | D:9      | Reached skill level 5 in Shields
  6464 | D:9      | You fall into a shaft and drop 1 floor!
  6464 | D:10     | Entered Level 10 of the Dungeon
  6549 | D:10     | Reached skill level 9 in Axes
  6616 | D:9      | Reached **** piety under Cheibriados
  6617 | D:9      | Reached skill level 6 in Fighting
  6617 | D:9      | Reached skill level 5 in Dodging
  6621 | D:9      | Reached XP level 11. HP: 81/81 MP: 17/17
  6640 | D:9      | Reached skill level 5 in Invocations
  6646 | D:9      | HP: 4/81 [gnoll sergeant/+0 trident (8)]
  6647 | D:9      | Mangled by a gnoll sergeant

Illustrated notes

Levels and vault maps discovered:
D:1:      minmay_arrival_stone_box, layout_basic
D:2:      layout_rooms, kennysheep_generic_room_16
D:3:      layout_rooms, vehumet_statue, minmay_unequal, uniq_sigmund
D:4:      layout_loops_ring, uniq_edmund
D:5:      layout_rooms, mainiacjoe_overflow_paths, temple_statues,
          chequers_serial_rivers_small_3
D:6:      layout_cave_pools, mainiacjoe_overflow_alcove_4,
          mainiacjoe_overflow_24_doors, lemuel_round_altar,
          mainiacjoe_overflow_divided_tiny, minmay_joined_circles
D:7:      layout_rooms, lemuel_coloured_pillars_altar
D:8:      due_chaos_kobolds, layout_basic, nzn_hepliaklqana_mist_gate,
          hangedman_ru_absence, mainiacjoe_overflow_boulevard,
          erik_lair_orcish_takeover, nicolae_kite_square_tiling_tiny,
          uniq_maggie
D:9:      layout_cave_pods, serial_shops, nicolae_shop_crystal,
          eino_house_with_fridge, uniq_maurice
D:10:     layout_basic, jiyva_altar_1, uniq_grum, uniq_erolcha, uniq_harold
Temple:   nicolae_temple_bog_church

Skill      XL: |  1  2  3  4  5  6  7  8  9 10 11 |
---------------+----------------------------------+-----
Translocations | 3 4 5 6 |  6.3
Axes           | 3 4 5 6 8 9 |  9.3
Spellcasting   | 3 4 |  4.0
Dodging        | 2 3 4 5 |  5.1
Armour         | 2 3 4 5 |  5.9
Fighting       | 3 5 6 |  6.2
Shields        | 1 3 5 |  5.6
Invocations    | 3 4 5 |  5.0
Throwing       | |  1.0

Action                     |  1- 3 |  4- 6 |  7- 9 | 10-12 || total
---------------------------+-------+-------+-------+-------++-------
  Melee: Hand axe          |    53 |       |       |       ||    53
         Punch             |     2 |       |     2 |       ||     4
         Short sword       |    40 |   176 |   121 |       ||   337
         Trident           |       |       |   280 |   191 ||   471
         Battleaxe         |       |       |       |    15 ||    15
Ability: Dig               |       |       |     1 |       ||     1
         Shaft Self        |       |       |       |     2 ||     2
 Armour: Leather armour    |     4 |       |       |       ||     4
         Scale mail        |    24 |    76 |   171 |    90 ||   361
  Dodge: Dodged            |    56 |    97 |   191 |   140 ||   484
  Block: Buckler           |       |       |    43 |    67 ||   110

Table legend: (Time is in decaauts)
 A = Elapsed time spent in this place.
 B = Non-inter-level travel time spent in this place.
 C = Inter-level travel time spent in this place.
 D = Time resting spent in this place.
 E = Time spent auto-exploring this place.
 F = Levels seen in this place.
 G = Mean time per level.
                   A        B        C        D        E       F      G
               +--------+--------+--------+--------+--------+-----+--------+
         Total |   7833 |   7564 |    269 |    285 |   5283 |  11 |  712.1 |
       Dungeon |   7652 |   7404 |    248 |    285 |   5131 |  10 |  765.2 |
        Temple |    180 |    160 |     20 |      0 |    152 |   1 |  180.0 |
               +--------+--------+--------+--------+--------+-----+--------+

Top non-repeatable levels by time:
     D:8: 1740 daAuts
     D:6: 1063 daAuts
     D:1: 928 daAuts
     D:3: 789 daAuts
     D:5: 741 daAuts
     D:7: 663 daAuts
     D:4: 600 daAuts
     D:9: 527 daAuts
     D:2: 476 daAuts
  Temple: 180 daAuts
    D:10: 120 daAuts
